 Dungeon Crawl Stone Soup version 0.16.2-2-g470672f (webtiles) character file.

138 monobi the Insei (level 5, 0/36 HPs)
             Began as an Octopode Monk on Sept 3, 2015.
             Slain by a scorpion (4 damage)
             ... on level 4 of the Dungeon.
             The game lasted 00:03:07 (2610 turns).

monobi the Insei (Octopode Monk)                    Turns: 2610, Time: 00:03:08

Health: 0/36       AC:  1    Str: 10    XL:     5   Next: 21%
Magic:  5/5        EV: 14    Int: 12    God:
Gold:   145        SH:  0    Dex: 16    Spells: 0 memorised, 4 levels left

rFire  . . .     SeeInvis .       - Unarmed
rCold  . . .     Clarity  .     (no shield)
rNeg   + . .     SustAb   +     (helmet restricted)
rPois  .         Gourm    .     d - amulet of warding
rElec  .         Spirit   .     h - ring of sustain abilities
rCorr  .         Warding  +     (no ring)
rMut   .         Stasis   .     (no ring)
MR     .....                    (no ring)
Stlth  ++++......               (no ring)
                                (no ring)
                                (no ring)
                                (no ring)

@: lethally poisoned (0 -> -8), not resistant to hostile enchantments, stealthy
A: almost no armour, amphibious, 8 rings, constrict 8, camouflage 1, gelatinous
body 1
a: no special abilities


You were on level 4 of the Dungeon.
You were not hungry.

You visited 1 branch of the dungeon, and saw 4 of its levels.

You collected 145 gold pieces.

Inventory:

Jewellery
 d - an amulet of warding (around mantle)
 h - a ring of sustain abilities (left tentacle)
Scrolls
 c - a scroll of teleportation {unknown}
 e - 5 scrolls of identify {unknown}
 n - 2 scrolls of remove curse {unknown}
Potions
 a - 2 potions of heal wounds {unknown}
 f - 2 potions of invisibility {unknown}
 g - 3 potions of mutation {unknown}
 i - 2 potions of brilliance {unknown}
 k - a potion of lignification {unknown}
 l - a potion of curing {unknown}
Comestibles
 b - 3 bread rations
 m - 2 fruits


   Skills:
 + Level 3.6 Fighting
 + Level 4.0 Dodging
 * Level 4.1 Stealth
 * Level 4.8 Unarmed Combat


You had 4 spell levels left.
You didn't know any spells.

Dungeon Overview and Level Annotations

Branches:
Dungeon (4/15)
 Temple: D:4-7

Altars:
Fedhas
Gozag


Innate Abilities, Weirdness & Mutations

You cannot wear most types of armour.
You are amphibious.
You can wear up to eight rings at the same time.
You can use your tentacles to constrict many enemies at once.
Your skin changes colour to match your surroundings (Stealth).
Your rubbery body absorbs attacks (AC +1).


Message History

You are too injured to fight recklessly!
You are too injured to fight recklessly!
You are too injured to fight recklessly!
You release your grip on the scorpion.
The scorpion stings you.
* * * LOW HITPOINT WARNING * * *
You are lethally poisoned!
The scorpion poisons you!
Found an escape hatch in the ceiling.
You tentacle-slap the scorpion but do no damage.
You grab the scorpion. You squeeze the scorpion.
The scorpion is severely wounded.
You constrict the scorpion, but do no damage.
* * * LOW HITPOINT WARNING * * *
You feel sick. The scorpion barely misses you.
You tentacle-slap the scorpion.
The scorpion is almost dead.
You constrict the scorpion, but do no damage.
* * * LOW HITPOINT WARNING * * *
You feel sick. The scorpion stings you.
You die...

..... .# .....# .# .....#
.#### .. #...##.#... ..#
...$....# ...# ##....###
...#
...######.......##..#
............†##.#..###..
##....#s@...#............
#S............#.<.###...
#....#....####.#.#
###..%.........#.#
####...####..... #....
..##... ..### ... ##g. <#
.#.. ... ### ..


You could see a scorpion and an adder (sleeping).

Vanquished Creatures
  8 adders
  2 worms (D:2)
  A giant gecko (D:1)
  5 orcs (D:3)
  6 giant cockroaches
  A goblin (D:3)
  4 hobgoblins
  4 jackals (D:2)
  5 kobolds
  An ooze (D:2)
  A ball python (D:2)
  4 bats
  4 giant newts
  6 rats
52 creatures vanquished.

Notes
Turn   | Place    | Note
--------------------------------------------------------------
     0 | D:1      | monobi, the Octopode Monk, began the quest for the Orb.
     0 | D:1      | Reached XP level 1. HP: 16/16 MP: 1/1
   296 | D:1      | Reached XP level 2. HP: 18/21 MP: 2/2
   512 | D:1      | You fall through a shaft!
   545 | D:2      | Reached XP level 3. HP: 12/26 MP: 3/3
  1297 | D:2      | Reached XP level 4. HP: 19/31 MP: 4/4
  1997 | D:3      | Found a blossoming altar of Fedhas.
  2251 | D:3      | Reached XP level 5. HP: 23/36 MP: 5/5
  2317 | D:3      | Found an opulent altar of Gozag.
  2610 | D:4      | Slain by a scorpion

Action                   |  1- 3 |  4- 6 || total
-------------------------+-------+-------++-------
Melee: Unarmed           |    69 |    69 ||   138
 Stab: Sleeping          |     8 |     3 ||    11
  Eat: Chunk             |       |     2 ||     2
       Beef jerky        |       |     1 ||     1
       Meat ration       |       |     1 ||     1
